[Event "FRA-ch Teams Top 16-A 2022"]
[Site "Chartres"]
[Date "2022.06.12"]
[Round "4.14"]
[White "Bournel, Antoine"]
[Black "Hirth, Julien"]
[Result "1/2-1/2"]
[ECO "E90"]
[WhiteElo "2345"]
[BlackElo "2072"]
[Annotator "TA"]
[PlyCount "59"]
[EventDate "2022.06.09"]
[EventType "team-tourn"]
[EventCountry "FRA"]
[SourceTitle "playchess.com"]
[Source "ChessBase"]
[SourceQuality "1"]
[TimeControl "40/5400+30:1800+30"]

1. d4 d6 2. Nf3 Nf6 3. c4 g6 4. Nc3 Bg7 5. e4 O-O 6. h3 e5 7. d5 a5 8. g4 Na6 9. Be3 Nd7 {[%emt 0:03:26] E90: King's Indian: Classical: Early deviations and 6 h3.} 10. a3 Nb6 11. Rg1 Bd7 {[%emt 0:00:56] White is slightly better. 11...Kh8 is the hot move.} 12. h4 Nc5 13. Bxc5 dxc5 {[%emt 0:00:29] [#]} 14. h5 $146 ({Predecessor:} 14. Rg3 Nc8 15. Qe2 Nd6 16. O-O-O Qc8 17. Nd2 Rb8 18. a4 Qe8 19. b3 f5 20. Bh3 fxg4 21. Bxg4 Bxg4 22. Rxg4 {½-½ (27) Galavics,H (2397)-Riemer,W (2370) ICCF email 2018}) 14... gxh5 15. gxh5 {[%emt 0:00:57] [#] Threatens to win with h6.} Kh8 16. h6 Bf6 17. Nh2 (17. Qd3 $14) 17... Nc8 (17... Rg8 $15 18. Rxg8+ Qxg8) 18. Qf3 Nd6 19. Ng4 Bxg4 20. Rxg4 Qe7 (20... Bg5 {with more complications.} 21. Bd3 Rg8 22. Kd1 Rg6) 21. O-O-O Rg8 22. Bd3 Rxg4 23. Qxg4 Rg8 24. Qh3 Bg5+ 25. Kb1 Qf6 (25... Rg6 $15 {might be stronger.}) 26. Qd7 Qd8 27. Qh3 Qf6 28. Qd7 Qd8 29. Qh3 Qf6 (29... Rg6 $1 $15 {was preferrable.}) 30. Qd7 {[%emt 0:01:13] Weighted Error Value: White=0.18 (very precise) /Black=0.14 (very precise)} 1/2-1/2

[Event "FRA-ch Teams Top 16-A 2022"]
[Site "Chartres"]
[Date "2022.06.12"]
[Round "4.15"]
[White "Lemonnier, Remi"]
[Black "Alexieva, Silvia"]
[Result "0-1"]
[ECO "B07"]
[WhiteElo "2033"]
[BlackElo "2219"]
[Annotator "TA"]
[PlyCount "132"]
[EventDate "2022.06.09"]
[EventType "team-tourn"]
[EventCountry "FRA"]
[SourceTitle "playchess.com"]
[Source "ChessBase"]
[SourceQuality "1"]
[TimeControl "40/5400+30:1800+30"]

1. e4 d6 2. d4 Nf6 3. Nc3 e5 4. Nge2 Be7 5. g3 c6 6. Bg2 {[%emt 0:01:45] B07: Pirc Defence: Miscellaneous Systems.} b5 7. a3 Nbd7 8. O-O {[%emt 0:01:21] The position is equal.} a5 9. d5 Bb7 10. h3 O-O 11. g4 b4 12. dxc6 Bxc6 13. Nd5 Nxd5 14. exd5 Bb5 15. Re1 $1 {[%emt 0:01:56] [#]} Bh4 $146 ({Predecessor:} 15... Rc8 16. axb4 axb4 17. Qd2 Rb8 18. Ng3 Qc7 19. Nf5 Rfe8 20. Re4 b3 21. cxb3 Nc5 22. Nxe7+ Rxe7 {0-1 (42) Hrbolka,L (2206)-Pribyl,M (2306) Czech Republic 2018}) 16. Ng3 Bxg3 17. fxg3 Qc7 18. Bd2 (18. axb4 $11 axb4 19. Rxa8 Rxa8 20. Bd2) 18... bxa3 $15 19. Rxa3 a4 20. Kh2 Rfc8 21. Rc3 Qb7 22. Rxc8+ (22. g5 $15 {is more appropriate.}) 22... Rxc8 $17 23. Bb4 Qb6 24. Qd2 {[%emt 0:02:53] Prevents Qf2.} Rc4 25. c3 Rc8 26. Bf1 Nc5 27. Qf2 Qb7 28. Bxb5 Qxb5 29. Rf1 Qb7 (29... Rc7 $15) 30. Qf5 (30. Rd1 $1 $11 {keeps the balance.}) 30... Rc7 (30... g6 $17 31. Qc2 Qxd5 32. Bxc5 dxc5 33. Qxa4 Qd2+ 34. Kh1 Qd3) 31. Qg5 {[%emt 0:01:49][%cal Rg5d8] [#]} f6 32. Qf5 ({Don't go for} 32. Rxf6 $2 Ne4 33. Qxe5 Re7 34. Bxd6 Nxd6 $19) 32... Qxd5 33. Bxc5 dxc5 $15 {[%emt 0:01:40][%mdl 4096] Endgame KQR-KQR} 34. g5 Rc6 (34... Qd7 $15 35. Qf2 Qc6) 35. gxf6 (35. Qg4 $11 {remains equal.}) 35... Rxf6 $17 ({Of course not} 35... gxf6 36. Qg4+ Kf7 37. Qf5 $11) 36. Qc8+ Kf7 $1 37. Rxf6+ gxf6 {[%emt 0:00:06] KQ-KQ} 38. Qf5 $2 {[%emt 0:01:30][%mdl 8192] This costs White the game.} (38. h4 $17) 38... Qd2+ $19 39. Kg1 Qc1+ 40. Kg2 Qxb2+ 41. Kg1 Qc1+ 42. Kg2 Qd2+ 43. Kf1 Qd1+ 44. Kf2 Kg7 45. Qe6 Qd2+ 46. Kf1 Qd3+ 47. Kf2 a3 48. Qe7+ Kg6 49. Qe8+ Kg5 50. Qg8+ Qg6 51. Qa2 Qf5+ 52. Kg2 (52. Ke3 $142 e4 53. Qg8+ Qg6 54. Qe6) 52... Qe4+ 53. Kh2 c4 {[%emt 0:00:00] White must now prevent ...Kg6.} 54. Qd2+ Kg6 {[%emt 0:00:00] [#] And now ...Qd3 would win.} 55. Qd8 Qc2+ 56. Kg1 Qb1+ (56... a2 $142 57. Qg8+ Kh6 58. Qf8+ Kg5 59. Qg8+ Qg6 60. h4+ Kh5 61. Qa8 Qxg3+ 62. Kf1 Qxh4 63. Kg2 Qg4+ 64. Kf2 Qf4+ 65. Ke1 Qh4+ 66. Kd2 Qf2+ 67. Kd1 Qf1+ 68. Kc2 a1=Q 69. Qxa1 Qxa1 70. Kd2 Qb2+ 71. Ke3 Kh4 72. Ke4 Qd2 73. Kf5 Qd6 74. Ke4 Qd3#) 57. Kh2 Qb2+ 58. Kg1 Kf5 {[%emt 0:02:57] ( -> ...a2)} 59. g4+ Ke4 {[%emt 0:01:19] Black mates.} 60. Qxf6 Qc1+ 61. Kg2 Qd2+ 62. Kg1 Qxc3 {[%emt 0:03:37] Active counter play!} 63. Qc6+ Kd3 64. Qf3+ Kc2 65. Qe4+ Kc1 66. Qe2 Qd4+ {[%emt 0:00:34] Weighted Error Value: White=0.37/Black=0.10 (very precise)} 0-1

[Event "FRA-ch Teams Top 16-A 2022"]
[Site "Chartres"]
[Date "2022.06.12"]
[Round "4.16"]
[White "Guiot Dorel, Jerome"]
[Black "Coriat, Caroline"]
[Result "1-0"]
[ECO "D02"]
[WhiteElo "2069"]
[BlackElo "1752"]
[Annotator "TA"]
[PlyCount "47"]
[EventDate "2022.06.09"]
[EventType "team-tourn"]
[EventCountry "FRA"]
[SourceTitle "playchess.com"]
[Source "ChessBase"]
[SourceQuality "1"]
[TimeControl "40/5400+30:1800+30"]

1. d4 d5 2. Bf4 Nf6 3. e3 e6 4. Nd2 Be7 5. Bd3 c5 6. c3 Nc6 7. Ngf3 a6 8. a4 {[%emt 0:03:04] D02: 1 d4 d5 2 Nf3 sidelines, including 2...Nf6 3 g3 and 2...Nf6 3 Bf4.} c4 9. Bc2 Bd7 {[%emt 0:01:16] [#]} ({Black should try} 9... Nh5 $11) 10. O-O $146 ({White should play} 10. Ne5 $14) ({Predecessor:} 10. h3 h6 11. Qe2 O-O 12. O-O Re8 13. Ne5 Nxe5 14. Bxe5 Nh7 15. e4 Bf6 16. Bh2 {1-0 (59) Suleymanov,A (1631)-Sahidi,S (1132) Bratislava 2019}) 10... O-O (10... Nh5 $11) 11. Ne5 $14 h6 12. Qf3 b5 13. e4 {[%emt 0:07:12] 0x0.001b6910e0e5dp-1022s more active pieces. The black rooks are badly placed.} Na7 (13... dxe4 $16 {is a better defense.} 14. Bxe4 Nxe5 15. dxe5 Nxe4 16. Nxe4 Bc6) 14. Rfe1 {[%emt 0:06:50] Threatens to win with Qh3.} Bc6 $2 (14... dxe4 {keeps fighting.} 15. Nxe4 Nd5) 15. Nxc6 Nxc6 16. Qh3 {[%emt 0:03:59] Hoping for e5.} dxe4 17. Nxe4 Nd5 18. Bxh6 gxh6 (18... Re8 19. Qg4 Bf8) 19. Qxh6 $18 {[%emt 0:00:10][%cal Oe4g5] Threatening mate with Ng5!} Re8 {[%emt 0:01:00] [#]} (19... f5 $18 20. Qxe6+ Rf7 21. Qxc6 fxe4 22. Bxe4 Nc7 23. axb5 Bd6) 20. Ng3 $2 (20. Nd6 $1 {[%mdl 512] mates} Nf6 {[#]} 21. Re3 $1 Bxd6 22. Rh3 Bxh2+ 23. Rxh2 Nh5 24. Bh7+ Kh8 25. Bg6+ Kg8 26. Qh7+ Kf8 27. Qxf7#) 20... Bf6 $2 (20... Bg5 $18 21. Qh7+ Kf8) 21. Bh7+ {[%emt 0:01:04] White mates.} Kh8 22. Bg6+ {[%emt 0:00:11][%mdl 64] Discovered Attack} Kg8 23. Qh7+ Kf8 24. Qxf7# {[%emt 0:00:13] White took control after the opening.  Weighted Error Value: White=0.64/Black=1.30} 1-0

[Event "FRA-ch Teams Top 16-A 2022"]
[Site "Chartres"]
[Date "2022.06.12"]
[Round "4.17"]
[White "Van Foreest, Lucas"]
[Black "Bacrot, Etienne"]
[Result "1/2-1/2"]
[ECO "C10"]
[WhiteElo "2572"]
[BlackElo "2638"]
[Annotator "TA"]
[PlyCount "55"]
[EventDate "2022.06.09"]
[EventType "team-tourn"]
[EventCountry "FRA"]
[SourceTitle "playchess.com"]
[Source "ChessBase"]
[SourceQuality "1"]
[TimeControl "40/5400+30:1800+30"]

1. e4 c5 2. c3 d5 3. exd5 Qxd5 4. d4 Nf6 5. Nf3 e6 6. Na3 Nc6 7. Be3 cxd4 8. Nb5 Qd8 9. Nbxd4 Nxd4 10. Bxd4 Be7 {[%emt 0:03:51] C10: French with 3 Nc3: Unusual Black 3rd moves and 3...dxe4.} 11. Bd3 O-O 12. Qc2 h6 {[%emt 0:00:35] White is slightly better.} 13. O-O-O {[%emt 0:02:45] [#] Hoping for Bxf6.} Qa5 {[%emt 0:09:56] [#]} 14. g4 $146 ({Predecessor:} 14. Kb1 b5 15. Be4 Rb8 16. Ne5 Bb7 17. Bxb7 Rxb7 18. Rd3 Rc8 19. Rg3 b4 20. Nxf7 bxc3 21. Nxh6+ {½-½ (52) Giri,A (2776)-Nepomniachtchi,I (2789) chess24.com INT 2021}) 14... Nxg4 {[%emt 0:15:58] aiming for ...e5.} 15. Qe2 {[%emt 0:19:17] Against e5} (15. Bxg7 $5 Kxg7 16. Rdg1 Bg5+ 17. Nxg5 Qxg5+ 18. Kb1 $14) 15... e5 16. Nxe5 Bg5+ 17. Kb1 $1 ({Reject} 17. Kc2 Re8 18. Rhe1 Nxe5 19. Bxe5 Bf4 $17) 17... Nxe5 (17... Be6 $2 18. b4 Bxa2+ 19. Qxa2 $18) 18. Qxe5 Qxe5 19. Bxe5 Bg4 20. Rde1 Rad8 $132 {[%emt 0:00:42][%mdl 2048] Black puts up resistance} 21. Bc2 Bd2 22. Reg1 f6 23. Bc7 Bf3 $1 {[%emt 0:00:28] Threatens to win with ...Rd7.} 24. Bxd8 Rxd8 {[%emt 0:00:07] [#]} 25. h4 $1 {[%emt 0:00:17] Strongly threatening Rh3. The position is equal.} Bxh1 26. Rxh1 Re8 27. h5 Re1+ 28. Rxe1 {[%emt 0:38:43] Weighted Error Value: White=0.05 (flawless) /Black=0.02 (flawless)} 1/2-1/2

[Event "FRA-ch Teams Top 16-A 2022"]
[Site "Chartres"]
[Date "2022.06.12"]
[Round "4.18"]
[White "Naiditsch, Arkadij"]
[Black "Piorun, Kacper"]
[Result "1-0"]
[ECO "C07"]
[WhiteElo "2654"]
[BlackElo "2635"]
[Annotator "TA"]
[PlyCount "71"]
[EventDate "2022.06.09"]
[EventType "team-tourn"]
[EventCountry "FRA"]
[SourceTitle "playchess.com"]
[Source "ChessBase"]
[SourceQuality "1"]
[TimeControl "40/5400+30:1800+30"]

1. e4 {[%emt 0:01:29] Rozentalis,E} e6 2. d4 d5 3. Nd2 c5 4. exd5 Qxd5 5. Ngf3 cxd4 6. Bc4 Qd6 7. Qe2 Nf6 8. Nb3 Nc6 9. Bg5 a6 10. O-O-O b5 11. Bd3 Be7 12. Kb1 {[%emt 0:00:00][%cal Of3d4] C07: French Tarrasch: 3...c5, 4 Ngf3 and 4 exd5 Qxd5.} Bb7 13. Nbxd4 Nxd4 14. Nxd4 {[%emt 0:03:00][%cal Od4f5] The position is equal.} Qc5 {[%emt 0:00:00] Against Nf5 is the legacy move (14...0-0).} (14... Bxg2 $2 15. Nf5 exf5 16. Bxb5+ $1 axb5 17. Rxd6 $18) 15. h4 O-O {[%emt 0:00:00] [#]} 16. Nb3 $146 (16. Rhe1 $5) ({Predecessor:} 16. Rhe1 Rfe8 17. Nf3 h6 18. Ne5 hxg5 19. hxg5 g6 20. gxf6 Bxf6 21. f4 Rad8 22. Qg4 Bg7 23. Nxf7 Kxf7 24. Bxg6+ Kf8 25. Rxd8 Rxd8 26. Qxe6 {1-0 (26) Rozentalis,E (2588)-Luther,T (2604) Panormo 2001 CBM 084 Extra [Rozentalis,E]}) 16... Qc7 17. h5 (17. Rhe1 $11) 17... h6 $17 ({Much worse is} 17... Bxg2 18. Rhg1 Bd5 19. Bh6 $11) 18. Bd2 b4 (18... Bxg2 $2 19. Rhg1 Qb7 20. Bxh6 $1 gxh6 21. f3 $18) 19. Rh4 a5 20. Bf4 Qc6 21. Nd4 Qxg2 22. Be5 (22. Rhh1 $1 $15 Qd5 23. Bxh6 gxh6 24. Qe3 Qxh1 25. Rxh1 Bxh1 26. Qxh6) 22... Rfd8 (22... Qg5 $17 23. Rh3 Qg4) 23. Rh2 $15 Qd5 {[%emt 0:00:00][%cal Of6g4] Threatens to win with ...Ng4!} (23... Qg5 $5 24. f4 Qg4 $15) 24. Rg1 {[%emt 0:00:00] Against Ng4} Kf8 25. Qe3 Bd6 26. Bxf6 gxf6 ({Much less strong is} 26... Bxh2 27. Bxg7+ Ke7 28. Re1 $18) 27. Rh4 {[%emt 0:00:00] Strongly threatening Be4.} Be5 28. Nb3 a4 (28... f5 $142 {Hoping for ...Bg7.} 29. Qxh6+ Ke7) 29. Nc5 $17 {[%emt 0:00:00] [#]} Bc6 {[%emt 0:00:00] And now ...a3 would win. This bishop pair is nice.} 30. Rxb4 Rab8 (30... f5 $17 {aiming for ...f4.} 31. Qxh6+ Ke7 32. Qg5+ Bf6) 31. Na6 $11 {[%emt 0:02:41] The board is on fire.} Rb7 (31... Rbc8 $11) 32. a3 Bd4 $2 {[%emt 0:02:01][%mdl 8192] Loses the game.} ({Black should play} 32... Ke7 $14) 33. Qxh6+ $18 ({Not} 33. Qg3 Qg5 34. Qh2 Qe5 $17) 33... Ke7 {[%emt 0:00:03] [#]} 34. Qd2 Ra7 (34... Qxh5 $2 35. Rxb7+ Bxb7 36. Qb4+ Rd6 37. Qxb7+ $18) 35. h6 Bxb2 $2 (35... Be5 36. Qe1 Qd6) 36. Rxb2 {[%emt 0:00:47] Weighted Error Value: White=0.14 (very precise) /Black=0.47} 1-0

[Event "FRA-ch Teams Top 16-A 2022"]
[Site "Chartres"]
[Date "2022.06.12"]
[Round "4.19"]
[White "Malakhov, Vladimir"]
[Black "Fressinet, Laurent"]
[Result "1/2-1/2"]
[ECO "C54"]
[WhiteElo "2652"]
[BlackElo "2630"]
[Annotator "TA"]
[PlyCount "93"]
[EventDate "2022.06.09"]
[EventType "team-tourn"]
[EventCountry "FRA"]
[SourceTitle "playchess.com"]
[Source "ChessBase"]
[SourceQuality "1"]
[TimeControl "40/5400+30:1800+30"]

1. e4 e5 2. Nf3 Nc6 3. Bc4 Nf6 4. d3 Bc5 5. c3 d6 6. O-O a5 {[%emt 0:00:04] C54: Giuoco Piano: 4 c3 Nf6, main lines with 5 d4 and 5 d3.} (6... O-O {feels hotter.} 7. Bg5 h6 8. Bh4 g5) 7. Be3 Bxe3 8. fxe3 O-O 9. Nbd2 {[%emt 0:00:08] [#]} Be6 $146 ({Predecessor:} 9... Ne7 10. d4 Ng6 11. Bb3 b5 12. Bc2 a4 13. a3 c5 14. Bd3 Qb6 15. b4 c4 {0-1 (40) Zambrana,O (2440)-Anton Guijarro,D (2678) Linares 2019}) 10. Bxe6 fxe6 11. d4 a4 12. b4 axb3 13. axb3 Rxa1 14. Qxa1 d5 15. Qb1 Nxe4 16. Nxe4 dxe4 17. Qxe4 Qd5 18. Ng5 {[%emt 0:03:39][%csl Gg5][%cal Re4h7,Bf3g5,Bg5e4,Be4c5][%mdl 32] [#]} Rxf1+ 19. Kxf1 Qxe4 20. Nxe4 exd4 21. exd4 $11 {[%emt 0:00:45][%mdl 4096] Endgame KN-KN} h6 22. Nc5 Nd8 23. Ke2 Kf7 24. Ke3 Ke7 25. h4 b6 26. Ne4 Nf7 27. h5 Kd7 28. c4 c6 29. b4 b5 {[%emt 0:03:51] The position is equal.} 30. Kd3 Ke7 31. cxb5 cxb5 32. Nc3 Nd6 33. Ke2 g6 34. hxg6 {[%emt 0:00:18] [#] Hoping for Kf3.} Kf6 35. Kf3 {[%emt 0:01:53] Threatens to win with Ne4+.} Kxg6 36. Kf4 {[%emt 0:00:09] And now Ke5 would win.} Kf7 37. d5 exd5 38. Ke5 Nc4+ 39. Kd4 Na3 40. Nxd5 Ke6 41. Kc5 Ke5 42. Nc3 Kf4 43. Nxb5 Nc2 44. Nd4 Nxb4 45. Kxb4 Kg3 46. Nf5+ Kxg2 47. Nxh6 {[%emt 0:00:00] A balanced but interesting game.  Weighted Error Value: White=0.04 (flawless) /Black=0.02 (flawless)} 1/2-1/2

[Event "FRA-ch Teams Top 16-A 2022"]
[Site "Chartres"]
[Date "2022.06.12"]
[Round "4.20"]
[White "Ragger, Markus"]
[Black "Abergel, Thal"]
[Result "1-0"]
[ECO "B41"]
[WhiteElo "2636"]
[BlackElo "2378"]
[Annotator "TA"]
[PlyCount "73"]
[EventDate "2022.06.09"]
[EventType "team-tourn"]
[EventCountry "FRA"]
[SourceTitle "playchess.com"]
[Source "ChessBase"]
[SourceQuality "1"]
[TimeControl "40/5400+30:1800+30"]

1. e4 c5 2. Nf3 e6 3. d4 cxd4 4. Nxd4 a6 5. c4 Nf6 6. Nc3 Qc7 7. Be2 b6 8. O-O {[%emt 0:04:29][%cal Oe4e5] Strongly threatening e5!} Bb7 {[%emt 0:00:10] B41: Sicilian: Kan Variation: 5 c4.} 9. f3 Bd6 10. Kh1 {[%emt 0:01:36][%cal Od4b5] [#] Threatens to win with Ndb5!} Be7 {[%emt 0:09:46] White is slightly better.} 11. Be3 d6 12. Qd2 {[%emt 0:03:17] [#]} h5 $146 ({Predecessor:} 12... Nbd7 13. Rac1 O-O 14. Rfd1 Rac8 15. Bf1 Rfd8 16. Qf2 Qb8 17. a3 Re8 18. b4 Bd8 {1-0 (58) Svane,F (2421)-Pour Agha Bala,A (2432) Tornelo INT 2020}) 13. Rfc1 {[%emt 0:05:46] White is more active.} h4 14. a4 h3 15. g4 Nbd7 (15... Nfd7 $16) 16. g5 $36 {[%emt 0:20:32][%mdl 2048] White is on the roll.} Nh5 17. Nd5 Qd8 (17... exd5 $16 18. cxd5 Qb8) 18. Nxe7 Qxe7 19. Rd1 f6 (19... f5 {was called for.}) 20. Nc2 f5 21. Qxd6 {[%emt 0:04:43] aiming for Qc7.} fxe4 {[%emt 0:07:19] [#]} 22. f4 ({Weaker is} 22. Qc7 Nc5 23. Qxe7+ (23. Qxb6 $2 exf3 24. Bxf3 Bxf3+ $19) 23... Kxe7 $15) 22... Qxd6 $2 (22... g6 23. b4 Rc8) 23. Rxd6 {[%emt 0:00:07] White is clearly winning.} O-O-O 24. Rad1 g6 25. Rxe6 Rdf8 26. Bg4 Nxf4 27. Re8+ Rxe8 28. Bxd7+ {[%emt 0:00:02][%cal Bg4d7,Bd7e8,Be8g6,Bg6f5,Bf5h3][%mdl 32] This bishop pair is nice.} Kd8 29. Bxe8+ ({Not} 29. Bxf4 e3+ 30. Kg1 e2 $18) 29... Nd3 (29... Kxe8 $142 30. Bxf4 Ke7) 30. Bxg6 Ke7 31. Bf5 Rf8 32. Bxh3 Nf2+ 33. Bxf2 {[%emt 0:00:26] And now Rd7+ would win.} e3+ 34. Kg1 exf2+ 35. Kf1 {[%emt 0:00:05] Rd7+ is the strong threat.} Bf3 36. Rd7+ Ke8 37. Rd2 {[%emt 0:01:32] Weighted Error Value: White=0.13 (very precise) /Black=0.38} 1-0

[Event "FRA-ch Teams Top 16-A 2022"]
[Site "Chartres"]
[Date "2022.06.12"]
[Round "4.21"]
[White "Vlachos, Anatole"]
[Black "Bellahcene, Bilel"]
[Result "0-1"]
[ECO "C00"]
[WhiteElo "2410"]
[BlackElo "2521"]
[Annotator "TA"]
[PlyCount "108"]
[EventDate "2022.06.09"]
[EventType "team-tourn"]
[EventCountry "FRA"]
[SourceTitle "playchess.com"]
[Source "ChessBase"]
[SourceQuality "1"]
[TimeControl "40/5400+30:1800+30"]

1. e4 c5 2. Nf3 e6 3. g3 Nc6 4. Bg2 Nf6 5. d3 d5 6. Nbd2 Be7 7. O-O O-O 8. Re1 b5 9. a4 b4 10. exd5 {[%emt 0:01:07] C00: French: Unusual White 2nd moves.} Nxd5 11. Nb3 Bb7 {[%emt 0:01:13] [#]} 12. a5 $146 {[%emt 0:03:58] The position is equal.} ({Predecessor:} 12. Nfd2 Rc8 13. Qg4 Nd4 14. Nxd4 cxd4 15. Nc4 Nf6 16. Qe2 Bxg2 17. Kxg2 b3 18. cxb3 {0-1 (52) D'Amore,C (2463)-Nielsen,P (2668) Gothenburg 2005}) 12... Rc8 13. Nfd2 Ba8 14. Nc4 h6 15. h4 Re8 16. Bd2 Nb8 17. Qe2 Qc7 18. Rad1 Nd7 19. Bc1 Qc6 20. Qf1 (20. Qh5 {is interesting.} Qa6 21. Qg4 N5f6 22. Qh3) 20... Qa6 21. Qe2 Bc6 22. Qg4 {[%emt 0:00:00] Bxh6 is the strong threat.} N5f6 23. Qh3 Bd5 24. g4 Nf8 ({Don't play} 24... Bxc4 25. dxc4 Qxc4 26. Bf1 (26. g5 Qxc2 27. a6 Red8 $14) 26... Qxg4+ 27. Qxg4 Nxg4 28. Rxd7 $16) (24... Qc6 $5 ) 25. g5 hxg5 26. hxg5 N6h7 27. Qg4 (27. f4 $5 ) 27... Red8 28. Ne5 Qb7 29. g6 fxg6 $1 30. Nxg6 Nf6 31. Nxe7+ Qxe7 32. Qh3 (32. Qg3 $11 {remains equal.}) 32... Bxg2 33. Qxg2 c4 $1 34. dxc4 Rxc4 35. Bg5 N8h7 36. Bxf6 Nxf6 37. Rxd8+ Qxd8 38. Qf3 Qe8 39. Nd2 {[%emt 0:02:29] White is on the road to losing.} ({White should try} 39. Kf1 $15) 39... Rxc2 40. Ne4 {[%emt 0:00:13] [#]} Qg6+ 41. Ng3 (41. Qg2 $17 Ng4 42. b3) 41... Nd5 $19 ({Worse is} 41... Rxb2 42. Rxe6 b3 43. Kg2 $15) 42. Qd1 $2 (42. Re5 {is more resistant.}) 42... Rxb2 43. Qd4 Rb1 44. Rxb1 Qxb1+ {[%emt 0:00:02][%mdl 4096] Endgame KQN-KQN} 45. Kg2 b3 {[%emt 0:03:30] Strongly threatening ...b2.} 46. Qxa7 b2 47. Qb8+ Kh7 {[%emt 0:02:33] ( -> ...Qc1)} 48. a6 Qa2 49. a7 {[%emt 0:00:00] [#]} Nc7 $1 50. Qb4 (50. Qxc7 Qd5+) 50... b1=Q 51. Qh4+ Kg6 52. Qg4+ {[%emt 0:00:00] [#]} Kf7 $1 53. Qf4+ Kg8 54. Qxc7 Qd5+ {[%emt 0:00:15] Weighted Error Value: White=0.62/Black=0.08 (flawless)} 0-1

[Event "FRA-ch Teams Top 16-A 2022"]
[Site "Chartres"]
[Date "2022.06.12"]
[Round "4.22"]
[White "Rodshtein, Maxim"]
[Black "Flom, Gabriel"]
[Result "1/2-1/2"]
[ECO "A65"]
[WhiteElo "2588"]
[BlackElo "2442"]
[Annotator "TA"]
[PlyCount "99"]
[EventDate "2022.06.09"]
[EventType "team-tourn"]
[EventCountry "FRA"]
[SourceTitle "playchess.com"]
[Source "ChessBase"]
[SourceQuality "1"]
[TimeControl "40/5400+30:1800+30"]

1. d4 Nf6 2. c4 g6 3. Nc3 Bg7 4. e4 d6 5. Nge2 O-O 6. Ng3 c5 7. d5 e6 8. Be2 exd5 9. cxd5 {[%emt 0:00:58] 9.cxd5 scores better than 9.exd5.} (9. Nxd5 Nc6 $11) 9... h5 {[%emt 0:01:39] A65: Modern Benoni: 6 e4.} 10. Bg5 a6 11. a4 {[%emt 0:03:15] Against b5} Nbd7 {[%emt 0:00:04] White is slightly better.} 12. O-O Qc7 13. f4 c4 14. Kh1 {[%emt 0:01:20][%cal Oe4e5] [#] Active counter play!} Re8 $146 {[%emt 0:13:36] Inhibits e5.} (14... Rb8 $16 {was necessary.}) ({Predecessor:} 14... Nh7 15. Bh4 Rb8 16. Bf3 Nc5 17. e5 b5 18. axb5 axb5 19. Nge4 Nxe4 20. Nxe4 dxe5 {1-0 (56) Shishkin,V (2498)-Mickiewicz,P (2262) Lazy 2009}) 15. Qc2 (15. e5 $1 $18 {[%cal Re5f6] is the precise move to win.}) 15... Nh7 $16 16. Bh4 Bf6 {[%emt 0:00:03] Prevents e5.} 17. Bxf6 Ndxf6 18. Bf3 $1 h4 19. Nge2 h3 (19... Nd7 $142) 20. Nd4 Qc5 21. Qd2 hxg2+ 22. Bxg2 Bd7 23. Rae1 b5 24. axb5 ({White should play} 24. e5 $1 $16 b4 25. exf6 Rxe1 26. Rxe1 bxc3 27. bxc3 Nxf6 28. f5) 24... axb5 $14 25. e5 $1 b4 26. exf6 bxc3 ({Better is} 26... Rxe1 $1 $14 27. Rxe1 bxc3 28. bxc3 Re8) 27. bxc3 $16 Bf5 28. Nxf5 gxf5 {[%emt 0:00:00] [#]} 29. Qc2 (29. Bf3 $1 $16 {White wants to mate with Qg2+.} Nxf6 30. Qg2+ Kh8 31. Rg1) 29... Rxe1 $14 30. Rxe1 Qc8 {[%emt 0:00:00] [#]} ({Black should try} 30... Kh8 $1 $14) 31. Qf2 (31. Bh3 $6 Nxf6 32. Qf2 (32. Bxf5 Qc5 $11) 32... Ng4 33. Bxg4 fxg4 $16) (31. Rg1 $1 $18 Nxf6 32. Bf3+ (32. Be4+ Kf8 $11) 32... Kh7 33. Qg2) 31... Kh8 $1 32. Bh3 $40 {[%emt 0:00:00][%mdl 128] Threatening mate with Qh4. White attacks.} Qd8 33. Bxf5 {[%emt 0:00:00] Qh4 would kill now.} (33. Rg1 $5 Qxf6 34. Qc2 $16) 33... Qxf6 34. Qc2 Qh4 $1 35. Qd2 Nf6 36. Rg1 {[%emt 0:05:20] Hoping for Rg3.} Rg8 {[%emt 0:00:00] Inhibits Rg3.} 37. Rg5 Re8 $2 (37... Rxg5 $11 {and Black has nothing to worry.} 38. fxg5 Nh5) 38. Qd4 (38. Rg3 $18 Ne4 39. Bxe4 (39. Qd4+ Qf6 $11) 39... Rxe4 40. Qa2 Re1+ 41. Kg2) 38... Re1+ $2 (38... Re5 $14 39. fxe5 Qxg5) 39. Kg2 $18 {[%emt 0:00:09][%cal Rd4f6] The board is on fire.} Re5 {[%emt 0:00:20][%cal Oe5f5] ...Rxf5! is the strong threat.} 40. Qf2 $2 ({Inferior is} 40. fxe5 Qxg5+ 41. Kh1 Qxf5 $11) ({White has to play} 40. Qxc4 $18 {[%cal Og5g3] Threatens to win with Rg3!} Re8 41. Rg3 (41. Qd4 Re5 $18)) 40... Qxf2+ $11 {[%emt 0:01:00] The position is equal.} 41. Kxf2 Rxd5 {[%emt 0:30:19][%mdl 4096] Endgame KRB-KRN} 42. Ke2 Rc5 43. Kd2 Rd5+ 44. Kc1 Ra5 45. Bb1 Ra3 46. Kd2 d5 47. h4 Ra1 48. Kc2 Ra3 49. Kd2 Ra1 50. Kc2 {[%emt 0:00:00] Weighted Error Value: White=0.27 (precise) /Black=0.27 (precise)} 1/2-1/2